 Dungeon Crawl Stone Soup version 0.31-a0-329-g52107efa6a (webtiles) character file.

Game seed: 17869268602987675939

72 AdnanSaban the Covered (level 4, -2/29 HPs)
             Began as a Gargoyle Fighter on July 19, 2023.
             Slain by Sigmund
             ... wielding a +1 scythe of venom
              (5 damage)
             ... on level 2 of the Dungeon.
             The game lasted 00:01:35 (877 turns).

AdnanSaban the Covered (Gargoyle Fighter)            Turns: 877, Time: 00:01:36

Health: -2/29      AC: 10    Str: 22    XL:     4   Next: 26%
Magic:  0/4        EV:  9    Int:  8    God:
Gold:   107        SH:  4    Dex:  9    Spells: 3/3 levels left

rFire   . . .        a - +0 flail
rCold   . . .        c - +0 buckler
rNeg    + . .        b - +0 scale mail
rPois   ∞            (no helmet)
rElec   +            (no cloak)
rCorr   .            (no gloves)
SInv    .            (no boots)
Will    .....        f - amulet of guardian spirit Stlth
                     (no ring)
HPRegen 0.24/turn    (no ring)
MPRegen 0.09/turn

%: guardian spirit
@: no status effects
A: sickness immunity, AC +3, negative energy resistance 1, electricity
resistance, torment resistance 1, petrification resistance
a: no special abilities


You were on level 2 of the Dungeon.
You visited 1 branch of the dungeon, and saw 2 of its levels.

You collected 107 gold pieces.

Inventory:

Hand Weapons
 a - a +0 flail (weapon)
Armour
 b - a +0 scale mail (worn)
 c - a +0 buckler (worn)
Jewellery
 f - an amulet of guardian spirit (around neck)
Potions
 d - a potion of might
 e - 3 potions of curing {unknown}
 g - a potion of magic {unknown}
 h - a potion of resistance {unknown}


   Skills:
 + Level 3.8 Fighting
 + Level 3.0 Maces & Flails
 + Level 3.9 Armour
 + Level 3.8 Shields


You had 3 spell levels left.
You didn't know any spells.
Your spell library was empty.

Dungeon Overview and Level Annotations

Branches:
Dungeon (2/15)

Altars:

Shops:
D:1 =

Annotations:
D:2 Sigmund


Innate Abilities, Weirdness & Mutations

You are immune to sickness and miasma.
Your stone body is resilient. (AC +3)
You are immune to poison.
You resist negative energy. (rN+)
You are resistant to electric shocks. (rElec)
You are resistant to unholy torment.
You are immune to petrification.


Message History

You are too confused!
You are too confused!
You are too confused!
You are too confused!
You are too confused!
You bump into the rock wall.
Sigmund hits you with a +1 scythe of venom.
You closely miss Sigmund.
You're too confused to move!
Sigmund closely misses you.
You hit Sigmund.
Sigmund is lightly wounded.
Sigmund hits you with a +1 scythe of venom!
You barely miss Sigmund.
Sigmund is lightly wounded.
Sigmund barely misses you.
You bump into the rock wall.
You bump into the rock wall.
You feel less confused.
Sigmund hits you with a +1 scythe of venom!
You hit Sigmund but do no damage.
Sigmund is lightly wounded.
Sigmund casts a spell.
Sigmund flickers and vanishes!
Deactivating autopickup; reactivate with Ctrl-A.
You barely miss something.
You hear some strange, mumbled words.
A puff of flame appears from out of thin air!
The puff of flame misses you.
You barely miss something. Something hits you.
You closely miss something. Something hits you but does no damage.
You hit something.
You hear some strange, mumbled words.
You are confused.
You bump into the rock wall.
Something hits you!
* * * LOW HITPOINT WARNING * * *
Something hits you but does no damage.
You are too confused!
You feel less confused. Something hits you.
You die...

.# #.......
...#......
#.#..)... #.......
#......
###...#.########
........#.@....#
#..#.........#
#.#.)........#
#............#
#[$..........#
###.#..........#
####...#..........#
#..<.####....:...##
#.#### #........


There were no monsters in sight!

Vanquished Creatures
  3 gnolls
  2 dart slugs (D:1)
  2 ball pythons (D:1)
  An endoplasm (D:1)
  4 giant cockroaches (D:1)
  3 goblins (D:1)
  4 hobgoblins (D:1)
  4 jackals (D:1)
  4 quokkas (D:1)
  2 bats (D:1)
  3 frilled lizards (D:1)
  A kobold (D:1)
  5 rats (D:1)
38 creatures vanquished.

Notes
Turn   | Place    | Note
-------+----------+-------------------------------------------
     0 | D:1      | AdnanSaban the Gargoyle Fighter began the quest for the
                  | Orb.
     0 | D:1      | Reached XP level 1. HP: 14/14 MP: 1/1
   109 | D:1      | Reached XP level 2. HP: 16/19 MP: 2/2
   267 | D:1      | Reached XP level 3. HP: 21/23 MP: 3/3
   393 | D:1      | Found Heriz's Jewellery Shoppe.
   750 | D:1      | Reached XP level 4. HP: 6/29 MP: 0/4
   857 | D:2      | Noticed Sigmund
   877 | D:2      | Slain by Sigmund

Illustrated notes

Levels and vault maps discovered:
D:1:      giann_wishing_wells, layout_rooms, serial_shops, nicolae_shop_trees,
          minmay_worlds_worst_comb
D:2:      layout_rooms, uniq_sigmund, uniq_terence

Skill      XL: |  1  2  3  4 |
---------------+-------------+-----
Maces & Flails | 3 |  3.0
Fighting       | |  3.8
Armour         | |  3.9
Shields        | |  3.8

Action                     |  1- 3 |  4- 6 || total
---------------------------+-------+-------++-------
  Melee: Flail             |   148 |    14 ||   162
 Armour: Scale mail        |   100 |     4 ||   104
  Dodge: Dodged            |   112 |     6 ||   118
  Block: Buckler           |    36 |       ||    36

Table legend: (Time is in decaauts)
 A = Elapsed time spent in this place.
 B = Non-inter-level travel time spent in this place.
 C = Inter-level travel time spent in this place.
 D = Time resting spent in this place.
 E = Time spent auto-exploring this place.
 F = Levels seen in this place.
 G = Mean time per level.
                   A        B        C        D        E       F      G
               +--------+--------+--------+--------+--------+-----+--------+
         Total |    929 |    896 |     33 |    154 |    417 |   2 |  464.5 |
       Dungeon |    929 |    896 |     33 |    154 |    417 |   2 |  464.5 |
               +--------+--------+--------+--------+--------+-----+--------+

Top non-repeatable levels by time:
     D:1: 870 daAuts
     D:2: 59 daAuts
